 Dungeon Crawl Stone Soup version 0.26.1-11-gd32895ea62 (webtiles) character file.

Game seed: 6414547326195731649

16 Golfball the Digger (level 2, 15/15 HPs)
             Began as a Gargoyle Earth Elementalist on May 3, 2021.
             Quit the game on level 1 of the Dungeon.
             The game lasted 00:02:47 (560 turns).

Golfball the Digger (Gargoyle Earth Elementalist)    Turns: 560, Time: 00:02:47

Health: 15/15      AC:  5    Str: 11    XL:     2   Next: 58%
Magic:  14/14      EV: 11    Int: 15    God:
Gold:   55         SH:  0    Dex: 10    Spells: 5/6 levels left

rFire    . . .     SeeInvis .   o - -2 dagger (curse)
rCold    . . .     Faith    .   (no shield)
rNeg     + + .     Spirit   .   g - +0 leather armour
rPois    ∞         Reflect  .   (no helmet)
rElec    +         Harm     .   (no cloak)
rCorr    .         Rampage  .   (no gloves)
Will     .....                  (no boots)
Stlth    ++........             (no amulet)
HPRegen  0.05/turn              f - ring of magical power
MPRegen  0.14/turn              l - ring of positive energy

@: no status effects
A: negative energy resistance 1, electricity resistance, unbreathing,
petrification resistance, miasma immunity, AC +2
a: no special abilities


You were on level 1 of the Dungeon.
You visited 1 branch of the dungeon, and saw 1 of its levels.

You collected 55 gold pieces.

Inventory:

Hand Weapons
 a - a +0 whip
 m - a +0 hand axe
 n - a +0 short sword
 o - a cursed -2 dagger (weapon)
Missiles
 b - 44 stones
Armour
 g - a +0 leather armour (worn)
Jewellery
 f - a ring of magical power (left hand)
 l - a ring of positive energy (right hand)
Scrolls
 c - a scroll of identify {unknown}
 d - a scroll of blinking {unknown}
 h - a scroll of amnesia {unknown}
 i - a scroll of enchant weapon {unknown}
 j - a scroll of remove curse {unknown}
 k - a scroll of magic mapping {unknown}
Potions
 e - a potion of brilliance {unknown}


   Skills:
 - Level 1.5 Dodging
 - Level 2.1 Stealth
 + Level 2.5 Spellcasting
 - Level 0.7 Transmutations
 + Level 4.2 Earth Magic


You had 5 spell levels left.
You knew the following spells:

 Your Spells              Type           Power        Failure   Level
a - Sandblast             Erth           28%          4%          1

Your spell library contained the following spells:

 Spells                   Type           Power        Failure   Level
 Passwall                 Tmut/Erth      7%           16%         2
 Stone Arrow              Conj/Erth      16%          34%         3
 Petrify                  Tmut/Erth      9%           69%         4
 Lee's Rapid Deconstruct  Erth           7%           80%         5


Dungeon Overview and Level Annotations

Branches:
Dungeon (1/15)

Altars:


Innate Abilities, Weirdness & Mutations

You are resistant to torment.
Your stone body is resilient. (AC +2)
You are immune to poison.
You resist negative energy. (rN+)
You are resistant to electric shocks. (rElec)
You can survive without breathing.
You are immune to petrification.
You are immune to miasma.


Message History

You see here a jackal corpse.
You start resting.
HP restored.
Found a glowing dagger.
A kobold comes into view. It is wielding a +0 short sword.
The kobold shouts!
You hit the kobold but do no damage. The kobold barely misses you.
You closely miss the kobold. The kobold barely misses you.
You barely miss the kobold. The kobold closely misses you.
You miss the kobold. The kobold closely misses you.
You hit the kobold.
You kill the kobold!
Things that are here:
a +0 short sword; a kobold corpse
n - a +0 short sword You see here a glowing dagger.
o - a glowing dagger It sticks to your hand!
o - a cursed -2 dagger (weapon)
Are you sure you want to abandon this character and quit the game? (Confirm with "yes".)

##.......>...
##...##......†.
#..####........
###.####.........
#.....#..........
#....†...........
#................
##........##......
#@.....##.#######.
#...........##.# .
......##.....##.#
##...# #.....##.#
#### ####### .#


There were no monsters in sight!

Vanquished Creatures
  2 giant cockroaches (D:1)
  A hobgoblin (D:1)
  3 jackals (D:1)
  2 kobolds (D:1)
  4 bats (D:1)
  A frilled lizard (D:1)
  2 rats (D:1)
15 creatures vanquished.

Notes
Turn   | Place    | Note
-------+----------+-------------------------------------------
     0 | D:1      | Golfball the Gargoyle Earth Elementalist began the quest
                  | for the Orb.
     0 | D:1      | Reached XP level 1. HP: 10/10 MP: 3/3
   309 | D:1      | Reached XP level 2. HP: 15/15 MP: 5/5
   316 | D:1      | Reached skill level 4 in Earth Magic
   560 | D:1      | Quit the game

Illustrated notes

Levels and vault maps discovered:
D:1:      denvon_arrival_planthouse, layout_rooms, serial_curves,
          eino_curves_01, eino_curves_03

Skill      XL: |  1  2 |
---------------+-------+-----
Earth Magic    | 4 |  4.2
Dodging        | |  1.5
Stealth        | |  2.1
Spellcasting   | |  2.5
Transmutations | |  0.7

Action                   || total
-------------------------++-------
Melee: Whip              ||    41
 Cast: Sandblast         ||     5
Armor: Leather armour    ||    31
Dodge: Dodged            ||    40
